 Dungeon Crawl Stone Soup version 0.19-a0-157-gbc558dc (webtiles) character file.

272 Kidiri the Magician (level 6, -3/34 HPs)
             Began as a Deep Elf Ice Elementalist on May 20, 2016.
             Killed by nerve-wracking pain
             ... invoked by Menkaure
              (10 damage)
             ... on level 4 of the Dungeon.
             The game lasted 00:10:15 (3914 turns).

Kidiri the Magician (Deep Elf Ice Elementalist)     Turns: 3914, Time: 00:10:16

Health: -3/34      AC: 16    Str:  7    XL:     6   Next: 2%
Magic:  12/15      EV: 13    Int: 22    God:
Gold:   213        SH:  0    Dex: 15    Spells: 4 memorised, 4 levels left

rFire  . . .     SeeInvis .     p - +2 short sword (protect)
rCold  . . .     Gourm    .     g - +1 leather armour
rNeg   . . .     Faith    .     (no shield)
rPois  .         Spirit   .     m - +0 helmet
rElec  .         Dismiss  .     (no cloak)
rCorr  .         Reflect  .     (no gloves)
SustAt .         Harm     .     (no boots)
MR     .....                    (no amulet)
Stlth  ++........               (no ring)
                                (no ring)

@: icy armour (expiring), very slightly contaminated, slow, not resistant to
hostile enchantments, unstealthy
A: strong 1
a: no special abilities


You were on level 4 of the Dungeon.
You were very hungry.

You visited 1 branch of the dungeon, and saw 6 of its levels.

You collected 213 gold pieces.

Inventory:

Hand Weapons
 p - a +2 short sword of protection (weapon)
Armour
 g - a +1 leather armour (worn)
 m - a +0 helmet (worn)
Scrolls
 j - a scroll of recharging {unknown}
 o - a scroll of magic mapping {unknown}
 r - a scroll of remove curse
Potions
 e - a potion of agility
 k - a potion of cancellation
 l - a potion of ambrosia
 n - 2 potions of degeneration {unknown}
Books
 b - a book of Frost

   Spells                             Type                      Level
   a - Freeze                         Ice                          1
   b - Throw Frost                    Conjuration/Ice              2
   c - Ozocubu's Armour               Charms/Ice                   3
   d - Throw Icicle                   Conjuration/Ice              4
   e - Summon Ice Beast               Ice/Summoning                4
 q - a book of Conjurations

   Spells                             Type                      Level
   a - Magic Dart                     Conjuration                  1
   b - Searing Ray                    Conjuration                  2
   c - Dazzling Spray                 Conjuration/Hexes            3
   d - Fulminant Prism                Conjuration/Hexes            4
   e - Iskenderun's Mystic Blast      Conjuration                  4
   f - Iskenderun's Battlesphere      Conjuration/Charms           5
Comestibles
 a - 4 fruits
 c - 3 bread rations
 f - 2 slices of pizza


   Skills:
 + Level 1.0 Fighting
 + Level 1.0 Armour
 * Level 3.8 Dodging
 + Level 3.3 Stealth
 * Level 4.8 Spellcasting
 + Level 2.1 Conjurations
 + Level 1.5 Charms
 * Level 4.4 Ice Magic


You had 4 spell levels left.
You knew the following spells:

 Your Spells              Type           Power        Failure   Level  Hunger
a - Freeze                Ice            ####         2%          1    None
b - Throw Frost           Conj/Ice       ###...       8%          2    None
c - Ozocubu's Armour      Chrm/Ice       ###.....     14%         3    ##.....
d - Throw Icicle          Conj/Ice       ###.....     38%         4    ####...


Dungeon Overview and Level Annotations

Branches:
Dungeon (6/15)
 Temple: D:4-7

Altars:
Elyvilon
Fedhas
Nemelex Xobeh

Annotations:
D:4 Menkaure


Innate Abilities, Weirdness & Mutations

Your muscles are strong. (Str +2)


Message History

You have reached level 6!
Your experience leads to an increase in your attributes!
Your base attributes are Str 5, Int 21, Dex 15.
Increase (S)trength, (I)ntelligence, or (D)exterity?
You feel clever.
Unknown command.
Menkaure gestures at you while chanting.
Pain shoots through your body!
* * * LOW HITPOINT WARNING * * *
Menkaure calls on the powers of darkness!
Your body is wracked with pain!
* * * LOW HITPOINT WARNING * * *
There is an open door here.
You close the door.
Menkaure opens the door.
You close the door.
Your icy armour starts to melt.
Menkaure opens the door.
Menkaure points at you and mumbles some strange words.
Pain shoots through your body!
You die...

.# ##.....########## .# .
#..............# .# ..
#.....##.......# S#
..##.....##.....#.. .#
........#......#
.########.....##.....#
.##....##.....##.....#####
.......†.......#..........
..............M'@.........
.##########+######...###..
.####..###..######...##
...+..........((......#
...#............[[....#
...##...##......<(....#
...##...##............#
...##.^.##..###.##.>###
...'....##..###.##..########


You could see Menkaure.

Vanquished Creatures
  Edmund (D:4)
  A slave (D:4)
  A gnoll (D:1)
  5 adders
  An ooze (D:3)
  A dart slug (D:3)
  3 giant geckos
  7 orcs
  2 ball pythons
  4 giant cockroaches
  3 goblins
  12 hobgoblins
  A jackal (D:5)
  2 quokkas
  10 bats
  4 giant newts
  5 kobolds
  4 rats
67 creatures vanquished.

Vanquished Creatures (others)
  An orc wizard (D:5)
1 creature vanquished.

Grand Total: 68 creatures vanquished

Notes
Turn   | Place    | Note
--------------------------------------------------------------
     0 | D:1      | Kidiri the Deep Elf Ice Elementalist began the quest for the Orb.
     0 | D:1      | Reached XP level 1. HP: 10/10 MP: 6/6
   356 | D:1      | Reached XP level 2. HP: 15/15 MP: 8/8
   361 | D:1      | Learned a level 2 spell: Throw Frost
   826 | D:1      | Reached XP level 3. HP: 3/19 MP: 0/10
   831 | D:1      | Learned a level 3 spell: Ozocubu's Armour
  2330 | D:3      | Reached XP level 4. HP: 24/24 MP: 8/11
  2336 | D:3      | Learned a level 4 spell: Throw Icicle
  2356 | D:3      | Gained mutation: Your muscles are strong. (Str +2) [potion of beneficial mutation]
  2359 | D:3      | Found a blossoming altar of Fedhas.
  2373 | D:3      | Found a sparkling altar of Nemelex Xobeh.
  2601 | D:3      | You fall through a shaft for 3 floors!
  2602 | D:6      | Noticed a centaur
  2608 | D:5      | Entered Level 5 of the Dungeon
  2609 | D:5      | Found a white marble altar of Elyvilon.
  3625 | D:4      | Reached XP level 5. HP: 28/28 MP: 11/13
  3658 | D:4      | Noticed Edmund
  3662 | D:4      | Noticed a slave
  3693 | D:4      | Killed Edmund
  3693 | D:4      | Reached skill level 1 in Fighting
  3693 | D:4      | Reached skill level 1 in Armour
  3693 | D:4      | Reached skill level 1 in Charms
  3696 | D:4      | Killed a slave
  3879 | D:4      | Noticed Menkaure
  3904 | D:4      | Reached XP level 6. HP: 11/34 MP: 11/15
  3914 | D:4      | Killed from afar by Menkaure

Vault maps used:
D:1:      shiori_arrival_oz
D:2:      first_bread
D:3:      fedhas_altar_2, old_standard_altar, eino_tiny_chamber
D:4:      lemuel_zombie_altar_kikubaaqudgha, hex_medium, uniq_menkaure,
          uniq_edmund, uniq_pikel
D:5:      elyvilon_altar_4
D:6:      lemuel_doored_altar, zin_statuary, lightli_temple_of_fire,
          grunt_gozag_statues, minmay_temple_entry_crystal_x, st_stairs_1,
          minmay_misc_feat_x, uniq_sigmund, uniq_grinder,
          uniq_crazy_yiuf_cottage

Skill      XL: |  1  2  3  4  5 |
---------------+----------------+-----
Dodging        | 3 |  3.8
Spellcasting   | 4 |  4.8
Ice Magic      | 4 |  4.4
Stealth        | 3 |  3.3
Fighting       | 1 |  1.0
Armour         | 1 |  1.0
Conjurations   | 2 |  2.1
Charms         | 1 |  1.5

Action                   |  1- 3 |  4- 6 || total
-------------------------+-------+-------++-------
Melee: Spear             |    50 |       ||    50
       Unarmed           |     2 |       ||     2
       Short sword       |     1 |    68 ||    69
 Cast: Freeze            |    27 |    33 ||    60
       Throw Frost       |    14 |     9 ||    23
       Ozocubu's Armour  |       |     3 ||     3
  Use: Scroll            |     6 |     4 ||    10
       Potion            |       |     3 ||     3
 Stab: Sleeping          |     8 |     1 ||     9
  Eat: Chunk             |     5 |     4 ||     9
Armor: Robe              |    15 |       ||    15
       Leather armour    |     1 |    59 ||    60
Dodge: Dodged            |    45 |    84 ||   129
